[Event "European Women-ch 2023"]
[Site "Petrovac"]
[Date "2023.03.21"]
[Round "4.3"]
[White "Koljevic, Nikolina"]
[Black "Sieber, Fiona"]
[Result "0-1"]
[ECO "B91"]
[WhiteElo "2042"]
[BlackElo "2217"]
[Annotator "TA"]
[PlyCount "132"]
[EventDate "2023.03.15"]
[EventType "swiss"]
[EventCountry "MNE"]
[SourceTitle "playchess.com"]
[Source "ChessBase"]
[SourceQuality "1"]
[TimeControl "40/5400+30:1800+30"]

1. e4 c5 2. Nf3 d6 3. d4 cxd4 4. Nxd4 Nf6 5. Nc3 a6 6. g3 g6 7. Bg2 Bg7 8. O-O O-O 9. h3 Nc6 10. Be3 {[%emt 0:02:44] The main line 10.Be3 scores better than 10.Nde2.} Bd7 11. f4 {[%emt 0:06:17] B91: Sicilian Najdorf: 6 g3.} Nxd4 12. Bxd4 (12. Qxd4 Nh5 13. Qd3 Nxg3 $17) 12... Bc6 {[%emt 0:00:10] [#]} 13. Nd5 $146 {[%emt 0:22:54] The position is equal.} ({Predecessor:} 13. Qd3 Rc8 14. a4 e6 15. a5 Qe7 16. Rad1 e5 17. fxe5 dxe5 18. Bb6 Nd7 19. Nd5 Bxd5 20. Qxd5 Nxb6 21. axb6 Rxc2 {0-1 Kuttner,J (1032)-Lauer,F (1095) ZN-2017-0-03539}) 13... e6 14. Nxf6+ Bxf6 15. Bxf6 Qxf6 16. c3 Rfd8 17. Qd4 Qxd4+ 18. cxd4 e5 19. fxe5 dxe5 20. d5 Bb5 21. Rfc1 Rac8 {[%emt 0:00:08] Repels Rc7} 22. Kf2 Kf8 23. Ke3 Ke7 24. h4 Bd7 25. b4 (25. Bf3 $11) 25... Kd6 $15 26. Kd2 f5 27. h5 g5 (27... gxh5 $17 {White must now prevent ...Rg8.} 28. Rxc8 Rxc8) 28. exf5 $11 Bxf5 29. Ke3 {[%emt 0:01:08] Dodges e4} h6 30. Bf3 (30. Rc5 $11 b6 31. Rc6+ Rxc6 32. dxc6) 30... e4 {[%emt 0:06:54] Black is more active.} (30... Rxc1 {simplifies} 31. Rxc1 Rc8 32. Rxc8 Bxc8 33. Ke4 b5) 31. g4 (31. Bxe4 $2 {loses.} Re8 32. Rxc8 Rxe4+ 33. Kf3 g4+ 34. Kf2 Bxc8 $19) (31. Be2 $1 $15) 31... exf3 $19 32. gxf5 Rf8 $2 (32... Rxc1 $19 33. Rxc1 Rf8 34. Kxf3 Rxf5+ 35. Kg3 Rf4) 33. Rxc8 $11 Rxc8 34. Kxf3 Kxd5 {[%emt 0:02:24][%mdl 4096] Endgame KR-KR} 35. Re1 Rf8 36. Kg4 Rf6 {[%emt 0:01:12] Inhibits Re6.} 37. Re7 b6 38. Rg7 Ke5 39. Rg6 Rd6 40. a3 ({Avoid the trap} 40. Rxd6 $2 Kxd6 41. f6 Ke6 $19) 40... b5 41. Kf3 (41. Rxd6 Kxd6 42. f6 Ke6 $19) 41... Rd3+ 42. Ke2 $1 Rxa3 43. f6 Ke6 44. Rxh6 Rh3 45. f7+ Kxf7 46. Rxa6 Rxh5 47. Rb6 g4 {[%emt 0:00:04] [#] Hoping for ...Rg5.} 48. Kf2 Rg5 {[%emt 0:00:20] aiming for ...g3+.} 49. Kg3 Ke7 50. Ra6 $1 Kd7 51. Rf6 Kc7 52. Re6 Kb7 53. Rf6 Rg8 54. Rf5 Kc6 55. Rc5+ Kb6 {[%emt 0:00:05] ...Rd8 would be deadly.} 56. Rf5 Rg6 57. Re5 $1 Rc6 {[%emt 0:05:35] ...Rc4 is the strong threat.} 58. Kxg4 Rc4+ 59. Kf3 $1 Rxb4 60. Ke3 Rc4 61. Kd3 Rc1 {[%emt 0:00:09] ( -> ...Ka5)} (61... Ka5 $5 62. Re1 $8 Rc5 $11) 62. Re2 $2 {[%emt 0:02:09][%mdl 8192] [#]} (62. Kd2 $11 Rc4 63. Re1) 62... Ka5 $1 {[%emt 0:01:24] Black mates.} 63. Re4 b4 64. Kd2 Rc8 65. Re7 Ka4 66. Rb7 Ka3 {[%emt 0:00:19] Weighted Error Value: White=0.12 (very precise) /Black=0.12 (very precise)} (66... b3 $142 67. Ra7+ Kb4 68. Rf7 Ka3 69. Rf6 Ka2 70. Rb6 b2 71. Ra6+ Kb1 72. Ra7 Rb8 73. Ra6 Rd8+ 74. Ke2 Rd4 75. Ke3 Rd5 76. Ke2 Kc2 77. Rc6+ Kb3 78. Rb6+ Ka3 79. Rb8 Ra5 80. Kd3 Ka2 81. Kd2 b1=Q 82. Rxb1 Kxb1 83. Kc3 Ra4 84. Kb3 Rh4 85. Kc3 Kc1 86. Kd3 Kd1 87. Ke3 Kc2 88. Ke2 Re4+ 89. Kf3 Kd3 90. Kf2 Rf4+ 91. Kg3 Ke3 92. Kg2 Rg4+ 93. Kh3 Kf3 94. Kh2 Rh4+ 95. Kg1 Rh5 96. Kf1 Rh1#) 0-1

[Event "European Women-ch 2023"]
[Site "Petrovac"]
[Date "2023.03.21"]
[Round "4.4"]
[White "Guichard, Pauline"]
[Black "Rudzinska, Michalina"]
[Result "1-0"]
[ECO "A58"]
[WhiteElo "2379"]
[BlackElo "2212"]
[Annotator "TA"]
[PlyCount "75"]
[EventDate "2023.03.15"]
[EventType "swiss"]
[EventCountry "MNE"]
[SourceTitle "playchess.com"]
[Source "ChessBase"]
[SourceQuality "1"]
[TimeControl "40/5400+30:1800+30"]

1. d4 Nf6 2. c4 c5 3. d5 b5 4. cxb5 a6 5. bxa6 e6 $1 6. Nc3 {[%emt 0:13:20] A58: Benko/Volga Gambit: Lines with 5 bxa6.} exd5 7. Nxd5 Be7 8. g3 {[%emt 0:15:26] White is slightly better.} Nxd5 9. Qxd5 Rxa6 10. Nf3 Rd6 11. Qb3 (11. Qxc5 $2 Rd1+ 12. Kxd1 Bxc5 $19) 11... Ba6 {[%emt 0:01:06] [#]} 12. Bg2 $146 ({Predecessor:} 12. e4 O-O 13. Bc4 Nc6 14. Qa4 Nb4 15. Bxa6 Rxa6 16. Qb3 c4 17. Qc3 Nd3+ 18. Kf1 {½-½ Serikbay,A (2181)-Ortega Beltran,X (1820) Wch U20 Girls 38th 2022 (1)}) 12... Nc6 (12... Rb6 $11 {keeps the balance.} 13. Qc2 Nc6) 13. O-O $40 {[%emt 0:03:43][%mdl 128] Black needs to defend precisely.} Bxe2 14. Re1 Re6 15. Be3 Ba6 16. Qc3 c4 $2 (16... O-O $16 {was called for.}) 17. Nd4 Nxd4 18. Bxd4 Bf6 (18... O-O 19. Bxg7 Bf6 20. Bxf6 Qxf6) 19. Bxf6 $18 Qxf6 20. Qa3 Bc8 21. Qc5 ({Not} 21. Bd5 Qe7 22. Qc3 (22. Bxe6 Qxa3 23. Bxd7+ Kxd7 $18) 22... O-O 23. Bxe6 fxe6 24. Qxc4 Bb7 $18) 21... Ba6 22. Qa3 Bc8 23. Bd5 {[%emt 0:00:05][%mdl 64] Pin} Qd4 24. Bxe6 fxe6 25. Rad1 Qf6 (25... Qb6 {might work better.} 26. Re5 Bb7) 26. Qc5 Bb7 27. Qc7 (27. Qxc4 Qf3 28. Kf1 (28. Rxe6+ $2 Kd8 $19) 28... O-O $15) 27... Bc6 28. Qc8+ Kf7 29. Qxh8 Qf3 {[%emt 0:00:06][%csl Gc6][%cal Rf3g2] [#] Wards off Re3} 30. Rxd7+ $3 Bxd7 {[%emt 0:00:07][%mdl 4096] Endgame KQR-KQB} 31. Qb8 ({Worse is} 31. Qxh7 Bc6 32. Kf1 c3 33. bxc3 Bb5+ 34. c4 Bxc4+ 35. Kg1 Bd5 $11) 31... g5 32. Qd6 Qb7 {[%emt 0:02:03] [#]} 33. a4 $1 Bc8 (33... Qc6 34. Qxc6) 34. a5 Kg6 {[%emt 0:02:40] [#]} 35. a6 $1 Qxb2 (35... Qxa6 36. Rxe6+) 36. a7 {[%emt 0:00:13] White mates.} Bb7 37. Qxe6+ Kh5 38. Qe2+ {[%emt 0:00:07] An entertaining game by Guichard.   Weighted Error Value: White=0.21 (precise) /Black=0.51} (38. Qf7+ $142 Kg4 39. h3+ {[%mdl 64] Decoy} Kxh3 40. Qh5#) 1-0

[Event "European Women-ch 2023"]
[Site "Petrovac"]
[Date "2023.03.21"]
[Round "4.4"]
[White "Mkrtchian, Lilit"]
[Black "Mammadzada, Gunay"]
[Result "1-0"]
[ECO "D45"]
[WhiteElo "2379"]
[BlackElo "2472"]
[Annotator "TA"]
[PlyCount "59"]
[EventDate "2023.03.15"]
[EventType "swiss"]
[EventCountry "MNE"]
[SourceTitle "playchess.com"]
[Source "ChessBase"]
[SourceQuality "1"]
[TimeControl "40/5400+30:1800+30"]

1. c4 c6 2. Nf3 d5 3. e3 Nf6 4. Nc3 e6 5. d4 Nbd7 6. Be2 b6 7. O-O Bb7 8. Qc2 Be7 9. Rd1 O-O 10. e4 dxe4 11. Nxe4 Qc7 {[%emt 0:06:42] D45: Semi-Slav: 5 e3.} 12. Nxf6+ Nxf6 13. c5 Rfd8 {[%emt 0:17:26] The position is equal.} 14. Bg5 a5 {[%emt 0:10:14] [#]} 15. Bh4 $146 ({Predecessor:} 15. Rac1 bxc5 16. dxc5 Rd5 17. Rxd5 Nxd5 18. Bxe7 Qxe7 19. a3 h6 20. g3 e5 21. Nd2 {½-½ Potkin,V (2647)-Dreev,A (2668) Wch Blitz 7th 2013 (4)}) 15... bxc5 16. dxc5 Qf4 (16... Ba6 {simplifies} 17. Rxd8+ Bxd8 18. Bxa6 Rxa6 19. Bg3 Qb7) 17. a3 a4 18. Rac1 Rd5 {[%emt 0:06:21] [#]} (18... Rxd1+ $11 {remains equal.} 19. Rxd1 Qf5 20. Qxf5 exf5) 19. Rxd5 $1 $16 Nxd5 20. Bxe7 Nxe7 21. Rd1 {[%emt 0:02:44] Strongly threatening Rd7.} Nd5 22. Rd4 Qf6 23. Bd1 {[%emt 0:05:53] White is more active.} ({Much worse is} 23. Rxa4 $6 Rxa4 24. Qxa4 Qxb2 $11) 23... Ra5 24. Rc4 Qe7 25. Qc1 Ba6 26. Rxa4 Rxc5 27. Qd2 (27. Bc2 $5 Bb7 28. Qd2 $11) 27... Qb7 28. b4 (28. h3 $14) 28... Rc3 $11 29. Ra5 {[%emt 0:00:17][%cal Oa5d5] Prevents Qb5. Threatens to win with Rxd5!} h6 $2 {[%emt 0:02:52][%mdl 8192] [#]} (29... c5 $11) 30. Rxd5 $1 {[%emt 0:00:15][%mdl 576] Remove Defender.   Weighted Error Value: White=0.11 (very precise) /Black=0.52} 1-0

[Event "European Women-ch 2023"]
[Site "Petrovac"]
[Date "2023.03.21"]
[Round "4.4"]
[White "Tsotsonava, Elene"]
[Black "Ibrahimova, Sabina"]
[Result "1/2-1/2"]
[ECO "B31"]
[WhiteElo "2030"]
[BlackElo "2207"]
[Annotator "TA"]
[PlyCount "106"]
[EventDate "2023.03.15"]
[EventType "swiss"]
[EventCountry "MNE"]
[SourceTitle "playchess.com"]
[Source "ChessBase"]
[SourceQuality "1"]
[TimeControl "40/5400+30:1800+30"]

1. e4 c5 2. Nf3 Nc6 3. Bb5 g6 4. O-O Bg7 5. Re1 Nh6 6. c3 {[%emt 0:00:18][%cal Bc2c3,Bc3d4,Bd4d5][%mdl 32] B31: Sicilian: 2...Nc6 3 Bb5 g6.} O-O 7. d4 cxd4 8. cxd4 {[%emt 0:00:05] White is slightly better.} d6 9. h3 f6 10. Nc3 Nf7 {[%emt 0:01:08] [#]} (10... a6 $142) 11. Qa4 $146 (11. d5 $142 Nce5 12. Nd4) ({Predecessor:} 11. d5 Nce5 12. Nd4 a6 13. Bf1 g5 14. Ne6 Bxe6 15. dxe6 Nh6 16. Nd5 Rc8 17. h4 {1-0 Ducarmon,Q (2470)-Belous,M (2339) Titled Tuesday intern op 3rd May blitz 2016 (3)}) 11... Nb8 (11... f5 $142) 12. d5 $16 {[%emt 0:02:42] Black is weak on the light squares} Nd7 13. Nd4 {[%emt 0:02:09] White has more active pieces. The black rooks are badly placed.} Nc5 14. Qd1 a6 15. Bf1 a5 16. Be3 Bd7 17. b3 Ng5 (17... f5 18. exf5 gxf5 19. Rc1 $16) 18. Bd3 ({White should play} 18. f3) 18... Rc8 {[%emt 0:17:17] [#]} 19. Rc1 $1 b5 (19... Kh8 $16 {was necessary.} 20. f4 e5) 20. h4 (20. Ndxb5 Rb8 21. Nd4 Qe8 $18) (20. Bxb5 $18 Kh8 21. Nc6 Bxc6 22. dxc6) 20... b4 21. hxg5 bxc3 22. gxf6 (22. Rxc3 $6 fxg5 23. Rc1 g4 $14) 22... Bxf6 23. Rxc3 Qb6 24. Rc1 Qb4 25. Rc4 Qb7 26. Bb1 Qa6 27. Qe2 Rc7 (27... Bxd4 $16 28. Rxd4 (28. Bxd4 Bb5 $14) 28... Qxe2 29. Rxe2 a4 30. bxa4 Nxa4) 28. Bh6 Rfc8 29. f4 $2 (29. Qe3 $18) 29... Bxd4+ $11 30. Rxd4 Qxe2 31. Rxe2 Nxb3 $1 32. axb3 Rc1+ 33. Kh2 Rxb1 34. e5 $2 {[%emt 0:01:31][%mdl 8192] [#]} (34. Re3 $11 {and White is okay.}) 34... Rcc1 $1 $19 {[%emt 0:00:59] And now ...Rh1+ would win.} (34... Rxb3 35. exd6 exd6 36. Re7 $11) 35. Bg5 Rh1+ (35... Rxb3 36. Bxe7 Bb5 37. Rf2 $16) 36. Kg3 Rxb3+ 37. Kf2 Bb5 38. exd6 $2 (38. Bxe7 Bxe2 39. Kxe2) 38... Bxe2 $4 (38... exd6 $19 39. Rde4 Bxe2 40. Re8+ Kf7 41. Rxe2 h6) 39. d7 $18 Rb8 40. Bxe7 $2 ({White must play} 40. Kxe2 $18 {[%cal Od4c4] Strongly threatening Rc4!} Kf7 41. d6 exd6 42. d8=Q (42. d8=R Rb2+ 43. Kd3 Rd1+ 44. Kc3 Rxd4 $18) 42... Rxd8 43. Bxd8) 40... Bb5 {[%emt 0:00:00] Wards off Rc4} (40... Rd1 $5 41. Ke3 (41. d8=B $2 {perishes.} Rxd4 42. Bxa5 Bc4 $19) (41. d8=Q+ Rxd8 42. Rxd1 Bxd1 $15) 41... Rxd4 42. Kxd4 a4 43. d8=Q+ (43. d8=R+ Rxd8 44. Bxd8 Bf1 $11) 43... Rxd8 44. Bxd8 Bf1 $15) 41. d8=Q+ Rxd8 42. Bxd8 $11 {[%emt 0:00:10][%mdl 4096] Endgame KRB-KRB} a4 43. Rb4 Be8 44. Bf6 Rd1 45. Bd4 {[%emt 0:03:57] Ke2 is the strong threat.} a3 {[%emt 0:00:13] aiming for ...a2.} 46. Ke2 Rc1 47. Rb8 Kf7 48. Rb7+ Kg8 49. Ra7 (49. d6 {feels hotter.} a2 50. Rg7+ Kf8 51. d7) 49... Rc4 {[%emt 0:03:13] The position is equal.} 50. Ke3 Ra4 51. Rg7+ Kf8 52. Rxh7 a2 {[%emt 0:00:02][%cal Oa4d4] Threatens to win with ...Rxd4!} 53. Rh1 Bd7 {[%emt 0:00:02] What a bad dream for Black.   Weighted Error Value: White=0.43/Black=0.28 (precise)} 1/2-1/2

[Event "European Women-ch 2023"]
[Site "Petrovac"]
[Date "2023.03.21"]
[Round "4.5"]
[White "Garifullina, Leya"]
[Black "Osmak, Yuliia"]
[Result "1/2-1/2"]
[ECO "B51"]
[WhiteElo "2372"]
[BlackElo "2445"]
[Annotator "TA"]
[PlyCount "156"]
[EventDate "2023.03.15"]
[EventType "swiss"]
[EventCountry "MNE"]
[SourceTitle "playchess.com"]
[Source "ChessBase"]
[SourceQuality "1"]
[TimeControl "40/5400+30:1800+30"]

1. e4 c5 2. Nf3 d6 3. Bb5+ Nd7 4. d4 cxd4 5. Nxd4 Ngf6 6. O-O {[%emt 0:04:26] B51: Sicilian: Moscow Variation (3 Bb5+) without 3...Bd7.} g6 7. Re1 Bg7 8. c4 O-O 9. Bxd7 Bxd7 10. Nc3 Rc8 11. b3 a6 12. a4 {[%emt 0:05:02] [#]} a5 $146 (12... Qa5 $11 13. Bb2 Rfe8) ({Predecessor:} 12... Re8 13. a5 Bc6 14. Ra2 e6 15. Rd2 Qxa5 16. Bb2 Nh5 17. Nb1 Qb6 18. Nxc6 Bxb2 {0-1 Gauche,C (2251)-Cubas,J (2472) Florianopolis 5th 2018 (8)}) 13. h3 Bc6 14. Rb1 Re8 15. Ndb5 Nd7 16. Qc2 Nc5 17. Bf4 Bxb5 18. Nxb5 Qb6 19. Rbd1 Rcd8 20. Bd2 Na6 21. Qd3 Rc8 22. Qf3 Ra8 23. Bf4 Nb4 24. Re2 Na6 25. Red2 {[%emt 0:01:04] White is more active.} Qc6 26. Qe3 Nc5 27. Re2 Rad8 28. Bg3 Rd7 29. f4 e6 30. Qf3 Bf8 31. Bf2 Red8 32. Nd4 Qc8 33. f5 (33. Bh4 $14) 33... exf5 $1 $11 34. exf5 d5 {[%emt 0:00:11][%cal Bd6d5,Bd5c4][%mdl 32] ...dxc4 is the strong threat.} 35. Bh4 (35. Rc1 $11) 35... dxc4 $1 $17 {[%emt 0:01:10][%mdl 64] Discovered Attack} 36. Bxd8 Qxd8 37. Red2 {[%emt 0:01:17] [#]} Bh6 (37... c3 $1 $17 38. Ne6 (38. Qxc3 $2 {loses.} Ne4 $19) 38... fxe6 39. Rxd7 Nxd7 40. fxg6 hxg6 41. Qxc3 Qb6+ 42. Kh2 Qc5) 38. Ne6 $1 $11 fxe6 39. Rxd7 Nxd7 40. Qxb7 Qb6+ (40... Be3+ $2 41. Kh1 Qf6 42. Qxd7 (42. Rxd7 {gets mated.} Qa1+) 42... cxb3 43. fxe6 $18) 41. Qxb6 Nxb6 42. fxe6 {[%emt 0:05:28] [#] Threatens to win with Rd8+.} Kf8 {[%emt 0:12:24] Hoping for ...c3.} 43. bxc4 Ke7 44. Kf2 Kxe6 45. c5 Nxa4 46. Ra1 Nxc5 {[%emt 0:00:59] aiming for ...a4.} 47. Rxa5 Bf8 48. Kf3 Bd6 49. Ra8 Be7 50. Ra7 h5 51. Ra1 Kf6 52. Rd1 Ne6 53. Rd5 (53. h4 $11) 53... Ng5+ $15 54. Ke2 Nf7 55. Kf3 Bd6 56. Ra5 Ng5+ 57. Ke3 Bg3 58. Rb5 Nf7 59. Kf3 Bd6 60. Ra5 $1 Be5 61. Ra8 Nd6 62. Rf8+ Kg5 63. Ra8 Bc3 64. Rd8 Nf5 65. Rd5 Kh6 (65... h4 $15) 66. Rd7 (66. Rxf5 $11 gxf5 67. g4) 66... Nh4+ 67. Kf2 Bb4 68. Rd5 Nf5 69. Kf3 Bc3 ({Better is} 69... h4 $15) 70. Rxf5 {[%emt 0:01:32] The position is equal.} gxf5 $11 {[%emt 0:00:04][%mdl 4096] Endgame KB-KPP} 71. g4 $1 f4 72. Kxf4 h4 73. g5+ Kh5 74. g6 Kxg6 75. Kf3 Kf5 76. Kg2 Kf4 77. Kg1 Kg3 78. Kh1 Bd4 {[%emt 0:00:04] Weighted Error Value: White=0.12 (very precise) /Black=0.10 (very precise)} 1/2-1/2

[Event "European Women-ch 2023"]
[Site "Petrovac"]
[Date "2023.03.21"]
[Round "4.5"]
[White "Olde, Margareth"]
[Black "Balajayeva, Khanim"]
[Result "1/2-1/2"]
[ECO "D12"]
[WhiteElo "2234"]
[BlackElo "2372"]
[Annotator "TA"]
[PlyCount "103"]
[EventDate "2023.03.15"]
[EventType "swiss"]
[EventCountry "MNE"]
[SourceTitle "playchess.com"]
[Source "ChessBase"]
[SourceQuality "1"]
[TimeControl "40/5400+30:1800+30"]

1. d4 d5 2. Nf3 Nf6 3. c4 c6 4. e3 Bf5 5. Nc3 e6 6. Nh4 Be4 7. f3 Bg6 8. Qb3 Qc7 9. Bd2 {[%emt 0:01:59] D12: Slav Defence: 3 Nf3 Nf6 4 e3 Bf5.} Be7 10. g3 O-O 11. Nxg6 hxg6 12. Rc1 {[%emt 0:02:14] White wants to play cxd5.} dxc4 13. Qxc4 Nbd7 {[%emt 0:07:27] [#]} 14. Bg2 $146 ({Predecessor:} 14. Bd3 a6 15. Ne4 c5 16. Nxf6+ Bxf6 17. O-O Rac8 18. Be4 Qb8 19. Qa4 Rfd8 20. Ba5 {0-1 Antic,D (2418)-Lekic,D (2320) Belgrade-chT Quality 2022 (6.3)}) 14... Rad8 15. f4 a6 16. b4 Qd6 ({Better is} 16... b5 $11 17. Qxc6 Qxc6 18. Bxc6 Bxb4) 17. Ne4 (17. Qb3 $14) 17... Nxe4 $11 18. Bxe4 Nb6 19. Qb3 g5 20. O-O Nd5 21. a3 ({White should try} 21. fxg5 $11 Bxg5 22. Rc5) 21... f5 22. Bg2 gxf4 23. Bxd5 cxd5 24. gxf4 Rc8 25. b5 Qxa3 26. Qxa3 Bxa3 27. Rxc8 Rxc8 28. bxa6 bxa6 $15 {[%emt 0:00:09][%mdl 4096] Endgame KRB-KRB} 29. Ra1 Be7 (29... Rc2 $5 30. Rxa3 Rxd2 $17) 30. Rxa6 Rc2 31. Ba5 Kf7 {[%emt 0:01:40] ...Bh4 would be deadly.} (31... Ra2 $5 32. Rxe6 Kf7 $15) 32. Ra7 {[%emt 0:00:50] The position is equal.} Ke8 33. Ra8+ Kf7 {[%emt 0:00:10] Threatens to win with ...Bh4.} 34. Ra7 Ra2 35. Bb6 Rxa7 36. Bxa7 $11 {[%emt 0:00:04] KB-KB} Ke8 37. Bb8 Kd7 38. Be5 g6 39. Kf2 Kc6 40. Ke2 Kb5 41. Kd3 Kb4 42. Bc7 Kb3 43. Ba5 Kb2 44. Kd2 Bd6 45. Bc3+ Kb3 46. Kd3 Bc7 47. Be1 Kb2 48. Bh4 Ba5 49. Be7 Kc1 50. Ke2 $1 Kc2 51. Bf6 Bb4 52. Bd8 {[%emt 0:00:21] Weighted Error Value: White=0.09 (flawless) /Black=0.07 (flawless)} 1/2-1/2

[Event "European Women-ch 2023"]
[Site "Petrovac"]
[Date "2023.03.21"]
[Round "4.5"]
[White "Lehaci, Miruna-Daria"]
[Black "Hapala, Elisabeth"]
[Result "1-0"]
[ECO "B44"]
[WhiteElo "2202"]
[BlackElo "2072"]
[Annotator "TA"]
[PlyCount "71"]
[EventDate "2023.03.15"]
[EventType "swiss"]
[EventCountry "MNE"]
[SourceTitle "playchess.com"]
[Source "ChessBase"]
[SourceQuality "1"]
[TimeControl "40/5400+30:1800+30"]

1. e4 c5 2. Nf3 e6 3. d4 cxd4 4. Nxd4 Nc6 5. Bf4 a6 (5... d6 $5 ) 6. Nxc6 {[%emt 0:00:06] B44: Sicilian: Taimanov: 5 Nb5.} bxc6 7. Bd3 d5 8. Nd2 {[%emt 0:00:56] White is slightly better.} Nf6 9. O-O Be7 10. c4 {[%emt 0:07:03] [#]} d4 $146 ({Predecessor:} 10... O-O 11. Rc1 Qb6 12. b3 dxe4 13. Nxe4 c5 14. Nxf6+ Bxf6 15. Qf3 Bb7 16. Qg3 Qc6 {½-½ Bosnjak,P (2177)-Ivekovic,T (2053) CRO-chT U20 23rd 2014 (11.5)}) 11. e5 Nd7 12. Ne4 Nc5 (12... Rb8 $142) 13. Nxc5 $16 Bxc5 14. Qg4 Kf8 15. Be4 Bd7 16. Rad1 h5 17. Qf3 {[%emt 0:01:23] b4 is the strong threat.} Qb6 18. Bc1 Be8 19. Rd3 Rd8 ({Black should try} 19... Be7 $1 $14) 20. Rfd1 (20. Bg5 $16 Rc8 21. Rb1) 20... Be7 $14 21. Qf4 c5 (21... h4 $14) 22. Rb3 $1 $16 Qc7 (22... Qa5 $16) 23. Rb7 $18 Qc8 {[%emt 0:00:00] [#]} 24. Ra7 (24. Rd3 $1 $18) 24... Bc6 25. Qf3 (25. Bxc6 Qxc6 26. b4 Rg8 $11) 25... Bxe4 (25... Rd7 $14 26. Rxd7 Bxd7) 26. Qxe4 $40 {[%emt 0:00:05][%mdl 128] Rd3 would be deadly. White wants a kill.} h4 27. Bd2 $2 (27. Rd3 $18 Qb8 28. Rxa6) 27... Rh5 $2 (27... Qb8 $1 $14 28. Rxa6 (28. Rb7 Qa8 $11) 28... h3) 28. Ba5 (28. Bg5 $142 Bxg5 29. Qf3) 28... Re8 {[%emt 0:00:06] [#]} 29. Bc7 {[%emt 0:00:49][%cal Ba5c7,Bc7d6,Bd6e7][%mdl 32] Repels Qb8. White is much more active.} g6 (29... Kg8 $142 30. h3 Qd7) 30. Rd3 (30. b4 $18 {is more deadly.}) 30... h3 $2 31. Rf3 (31. gxh3 Kg7 $16) (31. Rxh3 Rxh3 32. gxh3 Qd7 $16) 31... Kg7 (31... Rf5 $142 32. Rxh3 Bg5 33. Bd6+ Kg7) 32. Bd6 (32. Rxh3 Rxh3 33. gxh3 Rh8 $16) (32. gxh3 Rf5 $14) 32... Qd8 33. g4 (33. Rxa6 Bxd6 34. Rxd6 Qg5 $17) (33. gxh3 Rf5 $16) 33... Rh4 34. Qf4 (34. Rxa6 $2 Bxd6 35. Qf4 (35. exd6 $2 {loses.} Qg5 $19) 35... Be7 36. Qxf7+ Kh8 $19) 34... Kh8 35. Bxe7 ({Weaker is} 35. Rxa6 Rf8 36. Ra7 Bxd6 $18) 35... Qa5 36. Qf6+ {[%emt 0:00:22] Weighted Error Value: White=0.33/Black=0.80} (36. Bxh4 $2 Qe1#) 1-0

[Event "European Women-ch 2023"]
[Site "Petrovac"]
[Date "2023.03.21"]
[Round "4.6"]
[White "Javakhishvili, Lela"]
[Black "Vega Gutierrez, Sabrina"]
[Result "1/2-1/2"]
[ECO "E07"]
[WhiteElo "2443"]
[BlackElo "2361"]
[Annotator "TA"]
[PlyCount "92"]
[EventDate "2023.03.15"]
[EventType "swiss"]
[EventCountry "MNE"]
[SourceTitle "playchess.com"]
[Source "ChessBase"]
[SourceQuality "1"]
[TimeControl "40/5400+30:1800+30"]

1. c4 e6 2. g3 d5 3. Bg2 Nf6 4. Nf3 Be7 5. O-O O-O 6. d4 c6 7. b3 b6 8. Bb2 Nbd7 9. Nc3 Ba6 {[%emt 0:00:43] is the new trend.} 10. Qd3 Rc8 {[%emt 0:15:12] E07: Closed Catalan: Main Line (5 Nf3 0-0 6 0-0 Nbd7).} 11. Rac1 Qc7 12. e4 dxe4 13. Nxe4 {[%emt 0:00:07] [#]} c5 $146 ({Predecessor:} 13... Nxe4 14. Qxe4 Nf6 15. Qe2 Nd7 16. Rfd1 Bf6 17. Rc2 Rcd8 18. Rcd2 Qc8 19. Ne1 Bb7 {1-0 Donner,J-Capelan,G GER-ch52 International01 1971 (7)}) 14. dxc5 Nxc5 15. Nxc5 bxc5 16. Be5 Qb6 17. Ng5 {[%emt 0:02:05] [#] And now Bxf6 would win.} Rfd8 {[%emt 0:01:38] The position is equal.} 18. Qc2 h6 19. Ne4 Bb7 20. Nxf6+ Bxf6 21. Bxf6 gxf6 22. Rcd1 Kg7 23. Bxb7 Qxb7 24. Qe2 Qc7 25. Qg4+ Kh7 26. Rfe1 Rxd1 27. Rxd1 Rd8 28. Rxd8 Qxd8 $11 {[%emt 0:00:03][%mdl 4096] Endgame KQ-KQ} 29. Qh5 Qc7 30. Qf3 Kg7 31. Qc3 a5 32. a3 Qd8 33. h4 e5 34. Kg2 e4 35. f3 Qd1 {[%emt 0:01:51] [#] Threatens to win with ...Qe2+.} (35... Qd3 36. Qxd3 exd3 37. Kf2 $18) 36. fxe4 (36. Qxa5 {leads to mate.} exf3+ 37. Kh2 Qe2+ 38. Kh3 f2 39. h5 f1=Q+ 40. Kh4 Qh1#) 36... Qe2+ 37. Kg1 Qxe4 38. Kf2 h5 39. Qe3 Qf5+ 40. Kg2 Qc2+ 41. Qf2 Qe4+ 42. Kh2 Qe5 43. Qd2 Qe4 44. Qxa5 Qe2+ 45. Kg1 Qe3+ 46. Kg2 Qe2+ {[%emt 0:00:06] Weighted Error Value: White=0.03 (flawless) /Black=0.02 (flawless)} 1/2-1/2